 Dungeon Crawl Stone Soup version 0.32-a0-33-g74fbe46 (webtiles) character file.

Game seed: 1847390713665680969

104 Dorkslayer the Ruffian (level 4, -2/28 HPs)
             Began as an Octopode Shapeshifter on Jan 20, 2024.
             Slain by a sleepcap (6 damage)
             ... on level 3 of the Dungeon.
             The game lasted 00:03:54 (1655 turns).

Dorkslayer the Ruffian (Octopode Shapeshifter)      Turns: 1655, Time: 00:03:55

Health: -2/28      AC:  1    Str: 15    XL:     4   Next: 80%
Magic:  4/4        EV: 13    Int: 12    God:
Gold:   85         SH:  0    Dex: 11    Spells: 3/3 levels left

rFire   . .          .
                       - Unarmed
rCold   . . .        (no shield)
rNeg    . . .        (helmet currently unavailable)
rPois   .            (no amulet)
rElec   .            d - ring of willpower
rCorr   .            (no ring)
SInv    .            (no ring)
Will    +....        (no ring)
Stlth   +++          (no ring)
HPRegen 0.24/turn    (no ring)
MPRegen 0.09/turn    (no ring)
                     (no ring)

%: no passive effects
@: beast-form
A: beast (slay +1), almost no armour, amphibious, 8 rings, camouflage 1,
gelatinous body 1, (nimble swimmer 1), tentacles
a: Begin Untransformation


You were on level 3 of the Dungeon.
You were a hulking beast.
You visited 1 branch of the dungeon, and saw 3 of its levels.

You collected 85 gold pieces.

Inventory:

Jewellery
 d - a ring of willpower (left tentacle)
Talismans
 b - a beast talisman
 c - a flux talisman
Scrolls
 e - a scroll of butterflies
 f - a scroll of enchant weapon {unknown}
 g - a scroll of brand weapon {unknown}
 h - a scroll of silence
 i - a scroll of revelation {unknown}
Potions
 a - a potion of lignification
 j - a potion of resistance {unknown}


   Skills:
 + Level 1.1 Fighting
 + Level 2.3 Dodging
 + Level 2.4 Stealth
 * Level 4.4 Unarmed Combat
 + Level 3.2 Shapeshifting


You had 3 spell levels left.
You didn't know any spells.
Your spell library contained the following spells:

 Spells                   Type           Power      Damage    Failure   Level
 Apportation              Tloc           0%         N/A       32%         1
 Necrotise                Necr           0%         1d4       32%         1
 Shock                    Conj/Air       0%         1d3       32%         1
 Sting                    Conj/Alch      0%         1d3       32%         1
 Summon Small Mammal      Summ           0%         N/A       32%         1
 Dazzling Flash           Conj/Hex       0%         N/A       69%         3
 Stone Arrow              Conj/Erth      0%         3d7       69%         3
 Swiftness                Air            0%         N/A       69%         3
 Volatile Blastmotes      Fire/Tloc      0%         2d10      69%         3
 Airstrike                Air            0%         2d(0-16)  97%         4
 Starburst                Conj/Fire      0%         6d3       100%        6
 Lehudib's Crystal Spear  Conj/Erth      0%         10d2      100%        8
 Maxwell's Capacitive Co  Air            0%         ∞         100%        8


Dungeon Overview and Level Annotations

Branches:
Dungeon (3/15)

Altars:
Wu Jian


Innate Abilities, Weirdness & Mutations

You are a hulking beast.
Your limbs bulge with bestial killing power. (Slay +1)
You cannot wear most types of armour.
You are amphibious.
You can wear up to eight rings at the same time.
Your skin changes colour to match your surroundings (Stealth+).
Your rubbery body absorbs attacks. (AC +1, EV +1)
((You are camouflaged when in or above water. (Stealth+)))
You have tentacles for arms and can constrict up to eight enemies at once.


Message History

You closely miss the adder. Your grab misses the adder.
The adder is almost dead.
The adder bites you. The adder barely misses you.
The frilled lizard closely misses you.
You closely miss the frilled lizard. You grab the frilled lizard.
Your squeeze misses the frilled lizard. You constrict the frilled lizard.
The adder barely misses you. The frilled lizard bites you.
You tentacle-slap the adder but do no damage.
Your grab misses the adder. Your squeeze misses the adder.
The adder is almost dead.
You constrict the frilled lizard.
You kill the frilled lizard!
The adder bites you.
You closely miss the adder. You grab the adder.
The adder is almost dead.
You constrict the adder. The adder bites you.
You tentacle-slap the adder.
You kill the adder!
There is a stone staircase leading down, spattered with blood here.
You tentacle-slap the sleepcap. You grab the sleepcap.
You tentacle-slap the sleepcap. You squeeze the sleepcap!
The sleepcap is heavily damaged.
You constrict the sleepcap. The sleepcap releases spores at you!
* * * LOW HITPOINT WARNING * * *
You are engulfed in a cloud of soporific spores!
You fall asleep.
You lose your grip on the sleepcap.
The sleepcap releases spores at you.
You wake up.
* * * LOW HITPOINT WARNING * * *
Unknown command.
You tentacle-slap the sleepcap. You grab the sleepcap.
You squeeze the sleepcap.
The sleepcap is almost destroyed.
You constrict the sleepcap, but do no damage.
The sleepcap barely misses you.
You tentacle-slap the sleepcap but do no damage.
The sleepcap is almost destroyed.
You constrict the sleepcap, but do no damage.
The sleepcap releases spores at you.
You die...

..............#
........>......
.............#
#............#.>........
#............##.........
#..........#..#>........
#.....f....##...........
#....h#.####..........
##..##.#.#.........(...
.....#>†....##..........
.............##.......)..
.......###...............
....... #..###..........
....... #..# #####.#..<.
....... #... #.#....
....... ####. ###....


You could see a sleepcap.

Vanquished Creatures
  3 gnolls (D:2)
  An adder (D:3)
  3 dart slugs (D:1)
  An orc (D:3)
  8 ball pythons
  4 endoplasms
  A giant cockroach (D:3)
  3 hobgoblins
  7 kobolds
  6 quokkas
  6 bats
  6 frilled lizards
  5 goblins
  4 rats
58 creatures vanquished.

Notes
Turn   | Place    | Note
-------+----------+-------------------------------------------
     0 | D:1      | Dorkslayer the Octopode Shapeshifter began the quest for
                  | the Orb.
     0 | D:1      | Reached XP level 1. HP: 13/13 MP: 1/1
   111 | D:1      | Reached XP level 2. HP: 18/18 MP: 2/2
   353 | D:1      | Reached XP level 3. HP: 19/23 MP: 3/3
   587 | D:1      | Reached skill level 1 in Stealth
   656 | D:1      | Reached skill level 4 in Unarmed Combat
   989 | D:2      | Reached XP level 4. HP: 15/28 MP: 4/4
  1002 | D:2      | Got the Annotations on Erosion
  1308 | D:2      | Found an ornate altar of the Wu Jian Council.
  1655 | D:3      | Slain by a sleepcap

Illustrated notes

Levels and vault maps discovered:
D:1:      ebering_hopf_link, layout_loops_corners, minmay_misc_feat_more_columns
D:2:      layout_loops_ring, basic_altar, nrook_loot_triangle
D:3:      layout_rooms, kennysheep_decorative_pillar

Skill      XL: |  1  2  3 |
---------------+----------+-----
Stealth        | 2 |  2.4
Unarmed Combat | 4 |  4.4
Fighting       | |  1.1
Dodging        | |  2.3
Shapeshifting  | |  3.2

Action                     |  1- 3 |  4- 6 || total
---------------------------+-------+-------++-------
  Melee: Unarmed           |    62 |    36 ||    98
         Constrict         |    16 |    10 ||    26
         Tentacles         |     9 |     5 ||    14
         Punch             |     1 |     1 ||     2
    Use: Scroll            |       |     2 ||     2
   Stab: Sleeping          |    10 |     3 ||    13
 Armour: Skin              |    25 |    19 ||    44
  Dodge: Dodged            |    42 |    18 ||    60

Table legend: (Time is in decaauts)
 A = Elapsed time spent in this place.
 B = Non-inter-level travel time spent in this place.
 C = Inter-level travel time spent in this place.
 D = Time resting spent in this place.
 E = Time spent auto-exploring this place.
 F = Levels seen in this place.
 G = Mean time per level.
                   A        B        C        D        E       F      G
               +--------+--------+--------+--------+--------+-----+--------+
         Total |   1647 |   1647 |      0 |      0 |    940 |   3 |  549.0 |
       Dungeon |   1647 |   1647 |      0 |      0 |    940 |   3 |  549.0 |
               +--------+--------+--------+--------+--------+-----+--------+

Top non-repeatable levels by time:
     D:1: 925 daAuts
     D:2: 661 daAuts
     D:3: 60 daAuts
